 Dungeon Crawl Stone Soup version 0.31-a0-845-g9abc20d24f (webtiles) character file.

Game seed: 18113410074786968056

1474 randomguy2701 the Magician (level 8, -7/64 HPs)
             Began as a Gnoll Wanderer on Oct 3, 2023.
             Mangled by an orc warrior
             ... wielding a +0 battleaxe
              (9 damage)
             ... on level 6 of the Dungeon.
             The game lasted 00:12:57 (9232 turns).

randomguy2701 the Magician (Gnoll Wanderer)         Turns: 9232, Time: 00:12:58

Health: -7/64      AC: 19    Str: 11 (13) XL:     8   Next: 78%
Magic:  17/17      EV:  3    Int: 11 (12) God:
Gold:   347        SH:  0    Dex: 11 (12) Spells: 18/19 levels left

rFire   . . .        a - +1 hand axe
rCold   . . .        (no shield)
rNeg    . . .        o - +0 plate armour
rPois   .            (no helmet)
rElec   .            m - +0 cloak
rCorr   .            p - +0 pair of gloves
SInv    .            c - +0 pair of boots
Will    .....        (no amulet) Stlth
                     t - +4 ring of protection
HPRegen 0.30/turn    (no ring)
MPRegen 0.15/turn

%: no passive effects
@: no status effects
A: fangs 1, strong nose, distributed training
a: no special abilities


You were on level 6 of the Dungeon.
You visited 1 branch of the dungeon, and saw 6 of its levels.

You collected 347 gold pieces.

Inventory:

Hand Weapons
 a - a +1 hand axe (weapon)
 q - a +1 antimagic whip
Armour
 c - a +0 pair of boots (worn)
 m - a +0 cloak (worn)
 o - a +0 plate armour (worn)
 p - a +0 pair of gloves (worn)
Jewellery
 t - a +4 ring of protection (left hand)
Wands
 r - a wand of polymorph (7)
 v - a wand of flame (12)
Scrolls
 b - a scroll of fear
 d - 9 scrolls of identify
 e - a scroll of revelation {unknown}
 f - a scroll of vulnerability {unknown}
 g - a scroll of teleportation {unknown}
 h - 2 scrolls of enchant armour {unknown}
 i - a scroll of immolation {unknown}
 j - 2 scrolls of fog {unknown}
 l - 3 scrolls of enchant weapon
 n - a scroll of blinking {unknown}
Potions
 k - a potion of mutation
 x - a potion of lignification


   Skills:
 + Level 5.9 Fighting
 + Level 3.6 Short Blades
 + Level 3.6 Long Blades
 + Level 5.9 Axes
 + Level 3.6 Maces & Flails
 + Level 3.6 Polearms
 + Level 3.6 Staves
 + Level 3.6 Ranged Weapons
 + Level 3.6 Throwing
 + Level 3.6 Armour
 + Level 3.6 Dodging
 + Level 4.4 Stealth
 + Level 3.6 Shields
 + Level 3.6 Unarmed Combat
 + Level 6.2 Spellcasting
 + Level 3.0 Conjurations
 + Level 3.0 Hexes
 + Level 3.0 Summonings
 + Level 3.0 Necromancy
 + Level 4.9 Translocations
 + Level 3.0 Transmutations
 + Level 3.0 Fire Magic
 + Level 3.0 Ice Magic
 + Level 3.0 Air Magic
 + Level 3.0 Earth Magic
 + Level 3.0 Poison Magic
 + Level 4.8 Invocations
 + Level 3.6 Evocations
 + Level 3.3 Shapeshifting


You had 18 spell levels left.
You knew the following spells:

 Your Spells              Type           Power      Damage    Failure   Level
a - Apportation           Tloc           28%        N/A       99%         1

Your spell library contained the following spells:

 Spells                   Type           Power      Damage    Failure   Level
 Ensorcelled Hibernation  Hex/Ice        20%        N/A       100%        2
 Jinxbite                 Hex            20%        N/A       100%        2
 Gell's Gravitas          Tloc           14%        N/A       100%        3
 Anguish                  Hex/Necr       5%         N/A       100%        4
 Manifold Assault         Tloc           14%        N/A       100%        4


Dungeon Overview and Level Annotations

Branches:
Dungeon (6/15)
 Temple: D:4-7

Altars:
Hepliaklqana
Kikubaaqudgha
Makhleb
Okawaru
Ru

Shops:
D:1 *?(((

Annotations:
D:2 1 runed translucent door, Crazy Yiuf


Innate Abilities, Weirdness & Mutations

You have very sharp teeth.
Your uncanny sense of smell can sniff out nearby items.
Your experience applies equally to all skills.


Message History

You are too injured to fight recklessly!
You are too injured to fight recklessly!
You are too injured to fight recklessly!
You are too injured to fight recklessly!
You are too injured to fight recklessly!
You are too injured to fight recklessly!
You are too injured to fight recklessly!
You are too injured to fight recklessly!
You are too injured to fight recklessly!
You are too injured to fight recklessly!
You are too injured to fight recklessly!
You are too injured to fight recklessly!
You are too injured to fight recklessly!
You are too injured to fight recklessly!
You are too injured to fight recklessly!
You hit the orc warrior.
The orc warrior is heavily wounded.
The orc warrior hits you but does no damage.
You closely miss the orc warrior. Your bite misses the orc warrior.
The orc warrior is heavily wounded.
The orc warrior hits you with a +0 battleaxe.
You hit the orc warrior.
The orc warrior is heavily wounded.
The orc warrior hits you with a +0 battleaxe!
* * * LOW HITPOINT WARNING * * *
You closely miss the orc warrior.
You bite the orc warrior, but do no damage.
The orc warrior is heavily wounded.
The orc warrior hits you with a +0 battleaxe!
* * * LOW HITPOINT WARNING * * *
The orc warrior attacks as it pursues you!
The orc warrior hits you but does no damage.
The orc warrior attacks as it pursues you!
The orc warrior barely misses you.
The orc warrior attacks as it pursues you!
The orc warrior hits you with a +0 battleaxe.
* * * LOW HITPOINT WARNING * * *
The orc warrior attacks as it pursues you!
The orc warrior hits you with a +0 battleaxe!
You die...

#.........#
#.##.....####.##
#.........###.........##..#
#..........#....)).......##
#............###).......##
##..........## ###<.....#
#.........## ##....##.##
##.......## ##....###..#
###.....# ###o..### ##.##
##...####.@..## #..##
##...####....## ##..### #
##...####...### ####...##
#####...###....##
###........
..##...###....##
##.....#....
#............##
##.....##....
##......[.[[..#
#......###...
#..#..........### ##..(..##
##.. #.###...........##
#......# #..


You could see an orc warrior.

Vanquished Creatures
  2 ogres (D:5)
  A boggart (D:3)
  2 phantoms
  A bullfrog (D:4)
  2 gnoll sergeants (D:5)
  3 scorpions
  Dowan (D:3)
  A hound (D:6)
  2 orc priests (D:3)
  3 iguanas
  5 orc wizards
  A sleepcap (D:5)
  18 gnolls
  6 adders
  A shadow imp (D:6)
  2 ufetubi
  2 worms (D:2)
  5 dart slugs
  12 orcs
  5 ball pythons
  3 endoplasms
  2 giant cockroaches
  7 goblins
  6 hobgoblins
  7 jackals
  10 kobolds
  5 quokkas
  5 bats
  5 frilled lizards
  6 rats
131 creatures vanquished.

Notes
Turn   | Place    | Note
-------+----------+-------------------------------------------
     0 | D:1      | randomguy2701 the Gnoll Wanderer began the quest for the
                  | Orb.
     0 | D:1      | randomguy2701 set off with the following items: a +1 hand
                  | axe, a scroll of fear, a +0 leather armour; and the
                  | following spell memorised: Apportation; and the following
                  | spells available to memorise: Gell's Gravitas, Manifold
                  | Assault.
     0 | D:1      | Reached XP level 1. HP: 20/20 MP: 6/6
    22 | D:1      | Found Wycax's Magic Scroll Emporium.
   159 | D:1      | Reached XP level 2. HP: 25/26 MP: 7/7
   167 | D:1      | Found Dapualonn's General Store.
   285 | D:1      | Found Cejas's Weapon Boutique.
   397 | D:1      | Found Mul Westry's Weapon Emporium.
   601 | D:1      | Reached XP level 3. HP: 31/31 MP: 9/9
   614 | D:1      | Found Vetsol's Weapon Shop.
   793 | D:1      | Reached skill level 5 in Spellcasting
  1418 | D:2      | Reached skill level 1 in Short Blades
  1418 | D:2      | Reached skill level 1 in Long Blades
  1418 | D:2      | Reached skill level 1 in Maces & Flails
  1418 | D:2      | Reached skill level 1 in Polearms
  1418 | D:2      | Reached skill level 1 in Staves
  1418 | D:2      | Reached skill level 1 in Ranged Weapons
  1418 | D:2      | Reached skill level 1 in Throwing
  1418 | D:2      | Reached skill level 1 in Armour
  1418 | D:2      | Reached skill level 1 in Dodging
  1418 | D:2      | Reached skill level 1 in Shields
  1418 | D:2      | Reached skill level 1 in Unarmed Combat
  1418 | D:2      | Reached skill level 1 in Evocations
  1556 | D:2      | Found a runed translucent door.
  1557 | D:2      | Noticed Crazy Yiuf
  2103 | D:3      | Reached XP level 4. HP: 38/38 MP: 11/11
  2128 | D:3      | Reached skill level 1 in Shapeshifting
  2730 | D:3      | Reached skill level 1 in Conjurations
  2730 | D:3      | Reached skill level 1 in Hexes
  2730 | D:3      | Reached skill level 1 in Summonings
  2730 | D:3      | Reached skill level 1 in Necromancy
  2730 | D:3      | Reached skill level 1 in Transmutations
  2730 | D:3      | Reached skill level 1 in Fire Magic
  2730 | D:3      | Reached skill level 1 in Ice Magic
  2730 | D:3      | Reached skill level 1 in Air Magic
  2730 | D:3      | Reached skill level 1 in Earth Magic
  2730 | D:3      | Reached skill level 1 in Poison Magic
  2988 | D:3      | Reached XP level 5. HP: 28/43 MP: 12/12
  3414 | D:4      | Noticed Duvessa
  3506 | D:4      | Noticed Dowan
  3725 | D:4      | Reached XP level 6. HP: 8/50 MP: 4/13
  4081 | D:4      | Reached skill level 5 in Fighting
  4081 | D:4      | Reached skill level 5 in Axes
  4606 | D:4      | Reached XP level 7. HP: 31/56 MP: 5/15
  4851 | D:4      | Found an ancient bone altar of Kikubaaqudgha.
  4856 | D:4      | Found a sacrificial altar of Ru.
  5362 | D:3      | Duvessa changed into Duvessa the boggart
  5362 | D:3      | Noticed Duvessa
  5374 | D:3      | Killed Duvessa the boggart
  5589 | D:3      | Killed Dowan
  5913 | D:5      | Entered Level 5 of the Dungeon
  6549 | D:5      | Reached XP level 8. HP: 55/63 MP: 16/16
  6753 | D:5      | Found an iron altar of Okawaru.
  6981 | D:5      | Reached skill level 6 in Spellcasting
  7462 | D:5      | Found a hazy altar of Hepliaklqana.
  8871 | D:6      | Found a burning altar of Makhleb.
  8954 | D:6      | HP: 1/96 [orc warrior/+0 battleaxe (8)]
  9228 | D:6      | HP: 3/64 [orc warrior/+0 battleaxe (11)]
  9232 | D:6      | Mangled by an orc warrior

Illustrated notes

Levels and vault maps discovered:
D:1:      heliophobic_arrival_ceremonial_halls, layout_loops_corners,
          serial_shops, nicolae_shop_statue_plus, shop,
          nicolae_shop_bloodbath_and_beyond, nicolae_shop_advertising_works
          [nicolae_subvault_shop_adworks], shop, serial_forest,
          infiniplex_forest_split, infiniplex_forest_lined_2,
          infiniplex_forest_lined_3_way, infiniplex_forest_corner_1,
          infiniplex_forest_clump_diagonal, infiniplex_forest_fountain
D:2:      layout_basic, grunt_ministairs_3, uniq_crazy_yiuf_cottage
D:3:      layout_basic, minivault_23
D:4:      minmay_razor_zed, layout_cave_pods, minitemple, uniq_duvessa
D:5:      layout_basic, okawaru_trees_1, marbit_many_paths
D:6:      layout_cave_pods, nzn_wu_jian_contemplation, makhleb_heckhound_becter,
          minmay_temple_entry_from_below_b

Skill      XL: |  1  2  3  4  5  6  7  8 |
---------------+-------------------------+-----
Spellcasting   | 5 6 |  6.2
Short Blades   | 1 2 3 |  3.6
Long Blades    | 1 2 3 |  3.6
Maces & Flails | 1 2 3 |  3.6
Polearms       | 1 2 3 |  3.6
Staves         | 1 2 3 |  3.6
Ranged Weapons | 1 2 3 |  3.6
Throwing       | 1 2 3 |  3.6
Armour         | 1 2 3 |  3.6
Dodging        | 1 2 3 |  3.6
Shields        | 1 2 3 |  3.6
Unarmed Combat | 1 2 3 |  3.6
Evocations     | 1 2 3 |  3.6
Shapeshifting  | 1 2 3 |  3.3
Conjurations   | 1 2 3 |  3.0
Hexes          | 1 2 3 |  3.0
Summonings     | 1 2 3 |  3.0
Necromancy     | 1 2 3 |  3.0
Transmutations | 1 2 3 |  3.0
Fire Magic     | 1 2 3 |  3.0
Ice Magic      | 1 2 3 |  3.0
Air Magic      | 1 2 3 |  3.0
Earth Magic    | 1 2 3 |  3.0
Poison Magic   | 1 2 3 |  3.0
Invocations    | 3 4 |  4.8
Translocations | 4 |  4.9
Stealth        | 3 4 |  4.4
Fighting       | 5 |  5.9
Axes           | 5 |  5.9

Action                     |  1- 3 |  4- 6 |  7- 9 || total
---------------------------+-------+-------+-------++-------
  Melee: Hand axe          |   126 |    71 |   286 ||   483
         Bite              |     5 |    21 |    44 ||    70
         Punch             |     1 |     4 |     5 ||    10
         Whip              |       |   150 |   126 ||   276
  Evoke: Wand              |       |       |     2 ||     2
    Use: Scroll            |       |     3 |     2 ||     5
         Potion            |       |     1 |     4 ||     5
 Armour: Leather armour    |    56 |    33 |       ||    89
         Plate armour      |       |   204 |   559 ||   763
         Skin              |       |       |    11 ||    11
  Dodge: Dodged            |    65 |    74 |    93 ||   232

Table legend: (Time is in decaauts)
 A = Elapsed time spent in this place.
 B = Non-inter-level travel time spent in this place.
 C = Inter-level travel time spent in this place.
 D = Time resting spent in this place.
 E = Time spent auto-exploring this place.
 F = Levels seen in this place.
 G = Mean time per level.
                   A        B        C        D        E       F      G
               +--------+--------+--------+--------+--------+-----+--------+
         Total |   9261 |   8453 |    808 |    253 |   6630 |   6 | 1543.5 |
       Dungeon |   9261 |   8453 |    808 |    253 |   6630 |   6 | 1543.5 |
               +--------+--------+--------+--------+--------+-----+--------+

Top non-repeatable levels by time:
     D:5: 2343 daAuts
     D:3: 2096 daAuts
     D:4: 1967 daAuts
     D:1: 1087 daAuts
     D:2: 944 daAuts
     D:6: 821 daAuts
